 Dungeon Crawl Stone Soup version 0.22.1-2-g9c5b331 (webtiles) character file.

68949 teukkam the Warrior (level 14, -9/150 HPs)
             Began as a Minotaur Fighter on Dec 27, 2018.
             Was a High Priest of Ashenzari.
             Killed from afar by a swamp worm (14 damage)
             ... with a harpoon shot
             ... on level 1 of the Swamp on Jan 3, 2019.
             The game lasted 02:11:51 (23203 turns).

teukkam the Warrior (Minotaur Fighter)             Turns: 23203, Time: 02:11:51

Health: -9/150     AC: 21    Str: 30    XL:     14   Next: 88%
Magic:  12/13      EV:  8    Int:  5    God:    Ashenzari [*****.]
Gold:   1343       SH:  4    Dex:  4    Spells: 13/13 levels left

rFire    . . .     SeeInvis +   a - +9 long sword of the Foot {slice, +Blink rPois rC++ Dex-4}
rCold    + . .     Gourm    .   (no shield)
rNeg     + + .     Faith    .   J - +5 plate armour of the Sea {rC- rN++ Regen+} (curse)
rPois    +         Spirit   .   i - +1 hat (curse)
rElec    +         Reflect  .   r - scarf {cloud immunity} (curse)
rCorr    .         Harm     .   y - +0 pair of gloves (curse)
MR       +....     Clarity  +   (no boots)
Stlth    ..........             (no amulet)
HPRegen  0.75/turn              R - ring of Ollosi {+Fly rElec rPois Stlth+} (curse)
MPRegen  0.13/turn              E - +4 ring of strength (curse)

@: no status effects
A: retaliatory headbutt, horns 2, large bone plates 1, clumsy 1, robust 1
a: Curse Item, Scrying, Transfer Knowledge, Renounce Religion, Evoke Blink,
Evoke Flight


You were on level 1 of the Swamp.
You worshipped Ashenzari.
Ashenzari was extremely pleased with you.
You were hungry.

You visited 6 branches of the dungeon, and saw 24 of its levels.
You also visited: Ossuary and Bailey.

You collected 2679 gold pieces.
You spent 1336 gold pieces at shops.

Inventory:

Hand Weapons
 a - the +9 long sword of the Foot (weapon) {slice, +Blink rPois rC++ Dex-4}
   (You found it on level 4 of the Lair of Beasts)

   It inflicts extra damage upon your enemies.
   It affects your dexterity (-4).
   It greatly protects you from cold.
   It protects you from poison.
   It lets you blink.
 b - the +3 longbow "Xabosiolin" {velocity, rPois Int+3}
   (You found it on level 4 of the Lair of Beasts)

   Any arrow fired from it inflicts extra damage.
   It affects your intelligence (+3).
   It protects you from poison.
 e - a +0 blowgun
 K - a +1 battleaxe of flaming
 P - a +4 whip of venom
 Y - a +1 falchion of draining
Missiles
 g - 191 bolts
 l - 389 arrows
 q - 51 tomahawks of returning
 v - 69 poisoned needles
 B - 30 tomahawks
 L - 8 exploding tomahawks
 M - 10 needles of sleeping
 V - 8 javelins (quivered)
Armour
 c - a +1 shield
 i - a cursed +1 hat (worn)
 r - a cursed scarf of cloud immunity (worn)
 y - a cursed +0 pair of gloves (worn)
 J - the cursed +5 plate armour of the Sea (worn) {rC- rN++ Regen+}
   (You bought it in a shop on level 5 of the Dungeon)

   It makes you vulnerable to cold.
   It greatly protects you from negative energy.
   It increases your rate of regeneration.
   It has a curse placed upon it.
Jewellery
 j - an uncursed ring of positive energy
 n - the cursed ring "Gaadumia" {Wiz MR+ SInv}
   (You acquired it on level 12 of the Dungeon)

   [ring of wizardry]

   It improves your spell success rate.
   It affects your resistance to hostile enchantments.
   It lets you see invisible.
   It has a curse placed upon it.
 w - a +3 ring of strength
 E - a cursed +4 ring of strength (right hand)
 R - the cursed ring of Ollosi (left hand) {+Fly rElec rPois Stlth+}
   (You bought it in a shop on level 2 of the Orcish Mines)

   [ring of poison resistance]

   It insulates you from electricity.
   It protects you from poison.
   It lets you fly.
   It makes you more stealthy.
   It has a curse placed upon it.
Wands
 h - a wand of flame (20)
 k - a wand of digging (34)
 u - a wand of paralysis (13)
 F - a wand of enslavement (2)
 G - a wand of polymorph (33)
 U - a wand of disintegration (25)
Scrolls
 m - 5 scrolls of fear
 p - 5 scrolls of teleportation
 z - a scroll of holy word {unknown}
 A - 17 scrolls of identify
 C - 4 scrolls of amnesia
 H - a scroll of immolation
 N - 6 scrolls of remove curse
 Q - 5 scrolls of blinking
 W - 2 scrolls of magic mapping
 Z - 3 scrolls of enchant weapon
Potions
 d - 5 potions of curing
 t - 2 potions of lignification
 x - 2 potions of might
 D - a potion of haste
 I - 2 potions of agility
 O - 4 potions of brilliance
 S - 2 potions of invisibility
 T - a potion of magic
 X - a potion of cancellation
Comestibles
 f - 29 rations


   Skills:
 + Level 16.2 Fighting
   Level 5.4(8.3) Short Blades
 + Level 10.5(11.1) Long Blades
 - Level 10.3(10.9) Axes
 - Level 6.1(9.1) Maces & Flails
   Level 0.0(7.0) Slings
 + Level 14.8 Bows
 + Level 10.3 Throwing
 - Level 4.4(8.2) Armour
 - Level 4.3 Shields


You had 13 spell levels left.
You didn't know any spells.
Your spell library contained the following spells:

 Spells                   Type           Power        Failure   Level  Hunger
 Beastly Appendage        Tmut           #.....       98%         1    ##.....
 Confusing Touch          Hex            #.....       98%         1    ##.....
 Sandblast                Erth           #.....       98%         1    ##.....
 Passwall                 Tmut/Erth      #.......     99%         2    ###....
 Sticks to Snakes         Tmut           #.......     99%         2    ###....
 Portal Projectile        Hex/Tloc       #.....       100%        3    ####...
 Spider Form              Tmut/Pois      #.........   100%        3    ####...
 Stone Arrow              Conj/Erth      #.....       100%        3    ####...
 Ice Form                 Ice/Tmut       #.......     100%        4    #####..
 Petrify                  Tmut/Erth      #.......     100%        4    #####..
 Blade Hands              Tmut           #.........   100%        5    ######.
 Fireball                 Conj/Fire      #.........   100%        5    ######.
 Lee's Rapid Deconstruct  Erth           #.........   100%        5    ######.
 Ignition                 Fire           #.........   100%        8    #######


Dungeon Overview and Level Annotations

Branches:
Dungeon (12/15)            Temple (1/1) D:4            Lair (6/6) D:10
  Swamp (2/4) Lair:2       Spider (0/4) Lair:2        Slime (1/5) Lair:6
    Orc (2/2) D:11            Elf (0/3) Orc:2

Altars:
Ashenzari
Cheibriados
Dithmenos
Elyvilon
Fedhas
Gozag
Hepliaklqana
Kikubaaqudgha
Makhleb
Nemelex Xobeh
Okawaru
Qazlal
Ru
Sif Muna
Trog
Uskayaw
Vehumet
Wu Jian
Xom
Yredelemnul
Zin
The Shining One
Beogh

Shops:
D:5 *?[*:   D:6 ?   D:12 (   Orc:2 =}!!

Annotations:
Orc:1 3 runed doors, Tramtrist's ghost, journeyman DDFi


Innate Abilities, Weirdness & Mutations

You reflexively headbutt those who attack you in melee.
You have a pair of horns on your head.
You are partially covered in large bone plates. (SH +4)
You are clumsy. (Dex -2)
You are robust. (+10% HP)


Message History

The insubstantial wisp hits you but does no damage.
The swamp worm completely misses you.
An alligator comes into view.
An insubstantial wisp comes into view.
Unknown command.
You feel better.
You feel less invigorated. The swamp worm closely misses you.
The insubstantial wisp hits you but does no damage.
An insubstantial wisp comes into view.
The insubstantial wisp hits you but does no damage.
You blink.
You feel slightly more hungry.
The swamp worm throws harpoon shot at you.
The harpoon shot hits you!
* * * LOW HITPOINT WARNING * * *
You are yanked forward by the harpoon shot.
You violently stop moving!
* * * LOW HITPOINT WARNING * * *
The insubstantial wisp blinks!
An insubstantial wisp comes into view.
The swamp worm throws harpoon shot at you.
The harpoon shot hits you!
You die...

≈≈, ** *** ,, ≈,, ,, , *
≈≈ , *** , ≈.♣.≈...≈≈.≈≈
≈,≈ ≈ ≈...≈≈≈≈≈≈§≈ , ,≈
≈,≈≈v ≈ ≈....≈≈≈≈. ≈ ,≈
....≈.. ♣≈....≈≈..* *
.....≈≈≈♣♣.≈§≈..≈≈≈,* *
....≈≈≈.v.≈≈≈≈..≈≈≈,
.♣.≈§....≈§§.t.≈≈≈≈ *
≈≈≈≈.≈......@≈v≈.≈≈. * ,
,≈≈.≈≈≈≈.≈♣..≈≈≈.....≈ ,*
.≈≈......≈..♣≈.v≈≈≈.....≈
,
...≈≈≈≈≈≈..≈....≈≈n≈♣...
..≈≈≈≈≈≈≈≈..♣v§≈.≈≈....≈
..≈≈≈≈≈≈≈≈≈♣♣.≈w.≈≈≈.≈≈≈
,
.≈≈≈≈≈≈≈≈≈≈......≈≈≈.≈≈≈≈
.≈≈≈≈≈≈≈≈≈....≈.....≈≈≈≈
..≈≈≈≈.≈≈..........≈≈≈ ,,


You could see an alligator, a bog body, a swamp worm and 5 insubstantial wisps.

Vanquished Creatures
  Gastronok (Lair:3)
  An orc warlord (Orc:2)
  Azrael (D:12)
  A dire elephant (Lair:6)
  Nessos (Lair:6)
  A catoblepas (Lair:6)
  5 hydras
  An alligator (Swamp:1)
  A deep troll shaman (Lair:6)
  2 two-headed ogres
  The ghost of Matador8 the Basher, a novice CeHu of Dithmenos (D:9)
  6 death yaks
  4 orc high priests
  Nergalle (Lair:2)
  An unseen horror (D:11)
  Pikel (D:8)
  An ugly thing (D:12)
  8 orc knights
  7 orc sorcerers
  3 manticores
  9 elephants (Lair:6)
  5 black mambas
  11 spiny frogs
  A gargoyle (D:11)
  An efreet (D:12)
  2 komodo dragons
  2 rime drakes
  4 polar bears
  6 trolls
  A jumping spider (Lair:2)
  2 hornets
  A wind drake (shapeshifter) (D:11)
  A bog body (Swamp:1)
  3 hippogriffs
  15 blink frogs
  8 dream sheep
  2 shadows (D:11)
  A redback (Lair:2)
  A spriggan (Lair:5)
  3 wyverns
  32 yaks
  A basilisk (Lair:1)
  4 fire elementals (D:12)
  A hungry ghost (D:12)
  5 vampire mosquitoes
  2 wargs (Orc:2)
  An acid dragon (D:11)
  11 insubstantial wisps (Swamp:1)
  7 porcupines
  2 hell hounds (D:12)
  9 water moccasins
  3 sky beasts
  A black bear (Lair:5)
  2 swamp drakes (Swamp:1)
  7 ice beasts
  29 orc warriors
  16 ogres
  3 phantoms
  9 wolves
  7 centaurs
  11 crocodiles
  4 big kobolds
  11 bullfrogs
  An elf zombie (Ossuary)
  A gnoll sergeant (D:9)
  2 scorpions
  7 killer bees
  11 wights
  3 howler monkeys
  4 electric eels
  A lava snake (Lair:1)
  2 bullfrog zombies
  6 centaur zombies
  3 crimson imps (D:6)
  10 hounds
  19 orc priests
  5 bullfrog skeletons
  3 gnoll shamans (D:7)
  10 jellies
  Jessica (D:2)
  4 iguanas
  27 orc wizards
  10 worker ants
  7 hell rats (Lair:6)
  A big kobold zombie (Ossuary)
  2 hound skeletons (D:4)
  2 mummies (Ossuary)
  A worker ant zombie (D:5)
  15 adders
  15 gnolls
  A howler monkey skeleton (D:4)
  6 oozes
  3 adder skeletons
  3 adder zombies
  A worm (D:2)
  A dart slug (D:3)
  3 leopard geckos
  89 orcs
  10 giant cockroaches
  14 goblins
  7 hobgoblins
  6 jackals
  30 kobolds
  10 quokkas
  3 ball pythons
  6 bats
  9 frilled lizards
  A giant cockroach zombie (D:5)
  A goblin zombie (Ossuary)
  9 hobgoblin zombies (Ossuary)
  7 kobold zombies (Ossuary)
  11 orc zombies (Ossuary)
  7 rats
  A fungus (D:6)
  A plant (D:7)
718 creatures vanquished.

Vanquished Creatures (collateral kills)
  A centaur (D:11)
  2 orcs
3 creatures vanquished.

Vanquished Creatures (others)
  A tyrant leech (Swamp:1)
  A vampire mosquito (Swamp:1)
  A slave (D:8)
  3 centaurs (D:11)
  An ogre (Orc:2)
  A wight (D:12)
  An orc wizard (Orc:2)
  An orc (Orc:2)
  13 fungi
  15 plants
  9 withered plants (Swamp:1)
47 creatures vanquished.

Grand Total: 768 creatures vanquished

Notes
Turn   | Place    | Note
-------+----------+-------------------------------------------
     0 | D:1      | teukkam the Minotaur Fighter began the quest for the Orb.
     0 | D:1      | Reached XP level 1. HP: 19/19 MP: 0/0
   142 | D:1      | Reached XP level 2. HP: 19/27 MP: 1/1
   260 | D:2      | Reached skill level 4 in Fighting
   280 | D:2      | Noticed Jessica
   298 | D:3      | Reached XP level 3. HP: 5/33 MP: 2/2
   990 | D:4      | Reached XP level 4. HP: 41/41 MP: 3/3
  1022 | D:4      | Found a staircase to the Ecumenical Temple.
  1046 | Temple   | Entered the Ecumenical Temple
  1295 | D:2      | Found a white marble altar of Elyvilon.
  1397 | D:2      | Killed Jessica
  1397 | D:2      | Reached skill level 1 in Slings
  1461 | D:2      | Reached XP level 5. HP: 47/47 MP: 4/4
  2081 | D:3      | Reached skill level 5 in Fighting
  2341 | D:3      | Found an opulent altar of Gozag.
  2492 | D:4      | Reached XP level 6. HP: 53/56 MP: 5/5
  2503 | D:4      | Noticed an ice beast
  2511 | D:4      | Killed an ice beast
  2511 | D:4      | Reached skill level 5 in Axes
  2706 | D:4      | Reached skill level 6 in Fighting
  2726 | D:5      | Entered Level 5 of the Dungeon
  2773 | D:5      | Found a sand-covered staircase.
  2794 | Ossuary  | Entered an ossuary
  2893 | Ossuary  | Reached XP level 7. HP: 63/63 MP: 6/6
  3158 | D:5      | Found Girupuib's Book Shop.
  3226 | D:5      | Reached skill level 7 in Fighting
  3241 | D:5      | Found an opulent altar of Gozag.
  3241 | D:5      | Found a glowing golden altar of the Shining One.
  3247 | D:5      | Found a faded altar of an unknown god.
  3249 | D:5      | Found an ornate altar of the Wu Jian Council.
  3250 | D:5      | Found a deep blue altar of Sif Muna.
  3254 | D:5      | Became a worshipper of Ashenzari the Shackled
  3254 | D:5      | Reached * piety under Ashenzari
  3296 | D:5      | Found Ypuidd's Assorted Antiques.
  3412 | D:5      | Found Bomeg's Antique Armour Emporium.
  3423 | D:5      | Found Puebruh's Magic Scroll Shoppe.
  3425 | D:5      | Reached skill level 5 in Slings
  3425 | D:5      | Reached XP level 8. HP: 67/73 MP: 7/7
  3431 | D:5      | Bought a scroll of teleportation for 36 gold pieces
  3524 | D:5      | Found Kesuifila's General Store.
  3992 | D:5      | Reached skill level 8 in Fighting
  4000 | D:5      | Found a shadowy altar of Dithmenos.
  4111 | D:5      | Found a blossoming altar of Fedhas.
  4321 | D:6      | Reached XP level 9. HP: 81/82 MP: 8/8
  4422 | D:6      | Reached skill level 9 in Fighting
  4461 | D:6      | Found Gueluf's Magic Scroll Shoppe.
  5176 | D:7      | Found a burning altar of Makhleb.
  5459 | D:7      | Reached skill level 10 in Fighting
  5849 | D:7      | Reached skill level 10 in Axes
  5921 | D:7      | Reached XP level 10. HP: 71/94 MP: 9/9
  6551 | D:8      | Reached skill level 1 in Short Blades
  6766 | D:8      | Noticed Pikel
  6787 | D:8      | Killed Pikel
  6931 | D:8      | Reached skill level 11 in Fighting
  7519 | D:8      | Found a shattered altar of Ashenzari.
  8136 | D:8      | Found a sparkling altar of Nemelex Xobeh.
  8289 | D:9      | Noticed a two-headed ogre
  8298 | D:9      | Killed a two-headed ogre
  8626 | D:9      | Found a runed gate.
  8626 | D:9      | Found a runed gate.
  8626 | D:9      | Found a runed gate.
  8633 | D:9      | Noticed Matador8's ghost (novice CeHu)
  8680 | D:9      | Reached skill level 10 in Slings
  8691 | D:9      | Reached ** piety under Ashenzari
  9201 | D:10     | Entered Level 10 of the Dungeon
  9251 | D:10     | Reached skill level 5 in Short Blades
  9359 | D:10     | Reached skill level 12 in Fighting
  9359 | D:10     | Reached XP level 11. HP: 68/104 MP: 10/10
  9502 | D:10     | Found a staircase to the Lair.
  9659 | Lair:1   | Entered Level 1 of the Lair of Beasts
  9749 | Lair:1   | Reached skill level 1 in Maces & Flails
  9766 | Lair:1   | Reached skill level 1 in Throwing
  9823 | Lair:1   | Noticed a four-headed hydra
  9859 | Lair:1   | Killed a four-headed hydra
 10691 | D:5      | Bought a smoking plate armour for 756 gold pieces
 10691 | D:5      | Identified the +5 plate armour of the Sea {rC- rN++ Regen+}
                  | (You bought it in a shop on level 5 of the Dungeon)
 11133 | Lair:1   | Gained mutation: You are partially covered in large bone
                  | plates. (SH +4) [potion of mutation]
 11133 | Lair:1   | Gained mutation: Your body sometimes deteriorates upon
                  | taking damage. [potion of mutation]
 11133 | Lair:1   | Gained mutation: You are agile. (Dex +2) [potion of
                  | mutation]
 11133 | Lair:1   | Gained mutation: You possess an exceptional clarity of
                  | mind. [potion of mutation]
 11353 | Lair:2   | Noticed Nergalle
 11376 | Lair:2   | Killed Nergalle
 11404 | Lair:2   | Found a staircase to the Swamp.
 11632 | Lair:3   | Reached *** piety under Ashenzari
 11801 | Lair:3   | Noticed Gastronok
 11823 | Lair:3   | Killed Gastronok
 11823 | Lair:3   | Reached skill level 13 in Fighting
 11823 | Lair:3   | Reached skill level 5 in Maces & Flails
 12144 | Lair:4   | Noticed a death yak
 12155 | Lair:4   | Killed a death yak
 12213 | Lair:4   | Got the longbow "Xabosiolin" {velocity, rPois Int+3}
 12219 | Lair:4   | Identified the +3 longbow "Xabosiolin" {velocity, rPois
                  | Int+3} (You found it on level 4 of the Lair of Beasts)
 12319 | Lair:4   | Reached XP level 12. HP: 111/115 MP: 11/11
 12387 | Lair:4   | Reached skill level 1 in Bows
 12430 | Lair:4   | Got the long sword of the Foot {slice, +Blink rPois rC++
                  | Dex-4}
 12431 | Lair:4   | Identified the +9 long sword of the Foot {slice, +Blink
                  | rPois rC++ Dex-4} (You found it on level 4 of the Lair of
                  | Beasts)
 12466 | Lair:4   | Noticed a death yak
 12469 | Lair:4   | Noticed a death yak
 12475 | Lair:4   | Killed a death yak
 12475 | Lair:4   | Reached skill level 5 in Throwing
 12486 | Lair:4   | Killed a death yak
 12486 | Lair:4   | Reached skill level 1 in Long Blades
 12739 | Lair:4   | Reached **** piety under Ashenzari
 13210 | Lair:5   | Noticed a six-headed hydra
 13221 | Lair:5   | Killed a six-headed hydra
 13767 | Lair:6   | Entered Level 6 of the Lair of Beasts
 13770 | Lair:6   | Found a staircase to the Slime Pits.
 13966 | Lair:6   | Noticed a catoblepas
 13966 | Lair:6   | Noticed a death yak
 13966 | Lair:6   | Noticed a death yak
 13966 | Lair:6   | Noticed a death yak
 13972 | Lair:6   | Noticed a deep troll shaman
 14259 | Lair:6   | Noticed Nessos
 14368 | Lair:2   | Reached skill level 14 in Fighting
 14526 | D:10     | Reached skill level 5 in Bows
 14717 | D:10     | Lost mutation: You are agile. (Dex +2) [potion of mutation]
 14717 | D:10     | Lost mutation: Your body sometimes deteriorates upon taking
                  | damage. [potion of mutation]
 14717 | D:10     | Lost mutation: You possess an exceptional clarity of mind.
                  | [potion of mutation]
 14717 | D:10     | Gained mutation: You are clumsy. (Dex -2) [potion of
                  | mutation]
 14717 | D:10     | Gained mutation: You are robust. (+10% HP) [potion of
                  | mutation]
 14728 | D:10     | Reached ***** piety under Ashenzari
 15062 | D:11     | Reached skill level 5 in Long Blades
 15189 | D:12     | Reached XP level 13. HP: 126/136 MP: 12/12
 15191 | D:12     | Noticed Azrael
 15352 | D:12     | Identified a scroll of acquirement
 15352 | D:12     | Identified the cursed ring "Gaadumia" {Wiz MR+ SInv} (You
                  | acquired it on level 12 of the Dungeon)
 15556 | D:12     | Reduced skill Slings to level 10
 15766 | D:12     | Found Ywuos's Weapon Shop.
 16197 | D:12     | Killed Azrael
 16197 | D:12     | Reached skill level 10 in Bows
 16941 | D:11     | Identified the +1 chain mail of Ru's Pride {+Blink}
 17245 | D:11     | Found a roughly hewn altar of Beogh.
 17306 | D:11     | Found a staircase to the Orcish Mines.
 17660 | Orc:1    | Entered Level 1 of the Orcish Mines
 17666 | Orc:1    | Found a runed gate.
 17667 | Orc:1    | Found a runed gate.
 17670 | Orc:1    | Found a runed gate.
 17675 | Orc:1    | Noticed Tramtrist's ghost (journeyman DDFi)
 17697 | Orc:1    | Found a flagged portal.
 17764 | Bailey   | Entered a bailey
 18035 | Bailey   | Found a bloodstained altar of Trog.
 18111 | Orc:2    | Entered Level 2 of the Orcish Mines
 18139 | Orc:2    | Noticed an orc warlord
 18466 | Orc:1    | Reached skill level 15 in Fighting
 18548 | Orc:2    | Paralysed by an orc sorcerer for 5 turns
 18815 | Orc:2    | Killed an orc warlord
 19042 | Orc:2    | Found a staircase to the Elven Halls.
 19336 | Orc:2    | Reached XP level 14. HP: 130/148 MP: 13/13
 19523 | Orc:2    | Paralysed by an orc sorcerer for 2 turns
 19990 | Orc:2    | Found Urhax's Distillery.
 19990 | Orc:2    | Found Bailil's Jewellery Shop.
 19993 | Orc:2    | Found Meab's Distillery.
 19993 | Orc:2    | Found Taadghe's Gadget Emporium.
 20048 | Orc:2    | Bought the ring of Ollosi {+Fly rElec rPois Stlth+} for 544
                  | gold pieces
 20474 | D:9      | Killed Matador8's ghost
 20695 | Lair:2   | Found a hole to the Spider Nest.
 21791 | Lair:6   | Killed Nessos
 22387 | Slime:1  | Entered Level 1 of the Pits of Slime
 22387 | Slime:1  | Noticed an azure jelly
 22387 | Slime:1  | Noticed an acid blob
 22525 | Lair:6   | Reduced skill Slings to level 5
 22525 | Lair:6   | Reached skill level 10 in Long Blades
 22535 | Lair:6   | Reached skill level 16 in Fighting
 22587 | Lair:6   | Reached skill level 10 in Throwing
 22741 | Lair:6   | Identified the Handbook of Flamy Curses
 22912 | Swamp:1  | Entered Level 1 of the Swamp
 23203 | Swamp:1  | HP: 5/150 [some deep water collision (21)]
 23203 | Swamp:1  | Killed from afar by a swamp worm

Skill      XL: |  1  2  3  4  5  6  7  8  9 10 11 12 13 14 |
---------------+-------------------------------------------+-----
Armour         | 4 |  4.4
Shields        | 4 |  4.3
Fighting       | 4 5 6 7 8 10 12 13 14 15 16 | 16.2
Axes           | 3 4 5 6 8 10 | 10.3
Slings         | 1 2 3 5 6 8 10 11 12 9 0 |  0.0
Short Blades   | 5 |  5.4
Maces & Flails | 5 6 |  6.1
Throwing       | 4 6 8 10 | 10.3
Bows           | 6 11 14 | 14.8
Long Blades    | 5 8 10 | 10.5

Action                   |  1- 3 |  4- 6 |  7- 9 | 10-12 | 13-15 || total
-------------------------+-------+-------+-------+-------+-------++-------
Melee: War axe           |    89 |   154 |   157 |       |       ||   400
       Headbutt          |    10 |    20 |    73 |   152 |   111 ||   366
       Hand axe          |       |       |   107 |    31 |       ||   138
       Dagger            |       |       |       |   223 |       ||   223
       Whip              |       |       |       |   170 |    17 ||   187
       Long sword        |       |       |       |   149 |   569 ||   718
 Fire: Hunting sling     |       |    16 |    47 |    18 |       ||    81
       Fustibalus        |       |       |       |    49 |       ||    49
       Blowgun           |       |       |       |    10 |       ||    10
       Longbow           |       |       |       |    79 |   298 ||   377
Throw: Javelin           |       |       |       |    11 |    17 ||    28
Invok: Curse Item        |       |       |       |     7 |     1 ||     8
       Transfer Knowledg |       |       |       |     1 |     2 ||     3
 Abil: Evoke Blink       |       |       |       |    10 |    57 ||    67
Evoke: Wand              |       |       |     1 |    19 |    23 ||    43
  Use: Potion            |     3 |       |    11 |     9 |     7 ||    30
       Scroll            |     1 |     5 |       |    17 |     8 ||    31
 Stab: Petrified         |       |       |       |     2 |     4 ||     6
  Eat: Chunk             |       |     7 |     2 |     8 |     6 ||    23
       Ration            |       |       |     3 |     6 |     7 ||    16
Armor: Scale mail        |    59 |     3 |       |       |       ||    62
       Chain mail        |       |    83 |    95 |   128 |       ||   306
       Plate armour      |       |       |       |   157 |   469 ||   626
Dodge: Dodged            |    36 |    23 |    50 |   165 |   263 ||   537
Block: Shield            |    56 |    83 |   126 |   196 |       ||   461
       Other             |       |       |       |    42 |   139 ||   181
       Rpst.: Long sword |       |       |       |    23 |    50 ||    73
